 Dungeon Crawl Stone Soup version 0.22-a0-542-gce4f928 (webtiles) character file.

1022 Hebeh the Chopper (level 8, -4/70 HPs)
             Began as a Minotaur Fighter on June 24, 2018.
             Killed by nerve-wracking pain
             ... invoked by an orc priest
              (11 damage)
             ... on level 6 of the Dungeon.
             The game lasted 00:12:00 (4760 turns).

Hebeh the Chopper (Minotaur Fighter)                Turns: 4760, Time: 00:12:01

Health: -4/70      AC:  7    Str: 23    XL:     8   Next: 2%
Magic:  7/7        EV:  8    Int:  5    God:
Gold:   366        SH: 10    Dex: 10    Spells: 7/7 levels left

rFire    . . .     SeeInvis .   a - +0 war axe
rCold    . . .     Gourm    .   c - +0 shield
rNeg     . . .     Faith    .   b - +0 scale mail
rPois    .         Spirit   .   (helmet restricted)
rElec    .         Reflect  .   (no cloak)
rCorr    .         Harm     .   (no gloves)
MR       .....                  (no boots)
Stlth    ..........             (no amulet)
HPRegen  0.21/turn              (no ring)
MPRegen  0.10/turn              (no ring)

@: lethally poisoned (-4 -> -5)
A: retaliatory headbutt, horns 2
a: no special abilities


You were on level 6 of the Dungeon.
You were not hungry.

You visited 1 branch of the dungeon, and saw 6 of its levels.

You collected 366 gold pieces.

Inventory:

Hand Weapons
 a - a +0 war axe (weapon)
 t - a +1 whip of draining
 u - a +3 mace of holy wrath
Armour
 b - a +0 scale mail (worn)
 c - a +0 shield (worn)
Jewellery
 e - an uncursed amulet of guardian spirit {unknown}
 w - an uncursed amulet of harm {unknown}
Wands
 g - a wand of paralysis (9)
 y - a wand of random effects (23)
Scrolls
 i - a scroll of immolation {unknown}
 j - 2 scrolls of magic mapping {unknown}
 k - a scroll of teleportation {unknown}
 m - 2 scrolls of fear {unknown}
 n - a scroll of fog {unknown}
 o - a scroll of amnesia {unknown}
 p - 2 scrolls of blinking {unknown}
 r - 2 scrolls of remove curse {unknown}
 s - a scroll of random uselessness {unknown}
 v - 6 scrolls of identify {unknown}
 B - a scroll of noise {unknown}
Potions
 d - a potion of might
 h - 2 potions of mutation {unknown}
 l - 2 potions of heal wounds {unknown}
 q - a potion of lignification
 x - 2 potions of curing {unknown}
 A - a potion of degeneration {unknown}
Comestibles
 f - 8 rations
 z - 4 chunks of flesh


   Skills:
 + Level 6.1 Fighting
 * Level 7.3 Axes
 + Level 6.1 Armour
 + Level 6.2 Shields


You had 7 spell levels left.
You didn't know any spells.
Your spell library was empty.

Dungeon Overview and Level Annotations

Branches:
Dungeon (6/15)
 Temple: D:4-7

Altars:
Ashenzari
Hepliaklqana
Ru
Uskayaw
Vehumet
Yredelemnul
Zin
Beogh


Innate Abilities, Weirdness & Mutations

You reflexively headbutt those who attack you in melee.
You have a pair of horns on your head.


Message History

You barely miss the orc priest. You hit the orc but do no damage.
You closely miss the orc. You slash the orc!
You kill the orc!
You feel sick. The orc priest barely misses you.
The orc priest hits you with a war axe! The orc hits you with a mace.
You block the orc's attack. You block the orc priest's attack.
A crocodile comes into view.
You feel sick. The orc closely misses you.
The crocodile moves out of view.
Things that are here:
an enchanted war axe; an orc corpse The orc priest calls down the wrath of Beogh upon you.
Beogh smites you!
* * * LOW HITPOINT WARNING * * *
The orc priest calls down the wrath of Beogh upon you.
Pain shoots through your body!
* * * LOW HITPOINT WARNING * * *
You feel sick.
The orc priest mumbles some strange prayers to Beogh against you.
Pain shoots through your body!
You die...

........ ..+
#......# ...#
##......##...#
+..............
#..............
#....o.........
#....oo.# ..#
#.@.ool.##...#
#...o........#
##.##...##...#
#t##...# ..#
......... #
........##..
.........# ..#
.....##.... .#
...... ##### #


You could see a crocodile, 2 orc priests, 4 orcs and a leopard gecko.

Vanquished Creatures
  2 centaurs (D:5)
  A crocodile (D:5)
  A scorpion (D:5)
  A howler monkey (D:5)
  A crimson imp (D:5)
  2 hounds
  A jelly (D:4)
  A bullfrog skeleton (D:4)
  4 orc priests
  5 orc wizards
  3 worker ants
  Robin (D:4)
  8 adders
  A worm (D:3)
  3 dart slugs
  4 leopard geckos
  24 orcs
  2 ball pythons
  9 bats
  3 giant cockroaches
  14 goblins
  11 hobgoblins
  5 jackals
  7 kobolds
  2 quokkas
  5 frilled lizards
  A quokka skeleton (D:5)
  6 rats
128 creatures vanquished.

Notes
Turn   | Place    | Note
-------+----------+-------------------------------------------
     0 | D:1      | Hebeh the Minotaur Fighter began the quest for the Orb.
     0 | D:1      | Reached XP level 1. HP: 19/19 MP: 0/0
     2 | D:1      | Noticed a demigod
     4 | D:1      | Noticed a vine stalker
     4 | D:1      | Noticed a centaur
     6 | D:1      | Noticed a halfling
     6 | D:1      | Noticed a felid
     8 | D:1      | Noticed a ghoul
    10 | D:1      | Noticed a spriggan
    10 | D:1      | Noticed a gargoyle
    12 | D:1      | Noticed an octopode
    12 | D:1      | Noticed a tengu
    14 | D:1      | Noticed a human
    14 | D:1      | Noticed a demonspawn
    16 | D:1      | Noticed a naga
    18 | D:1      | Noticed a merfolk
    18 | D:1      | Noticed a troll
    20 | D:1      | Noticed an elf
    20 | D:1      | Noticed a draconian
    22 | D:1      | Noticed a vampire
    24 | D:1      | Noticed an ogre
    24 | D:1      | Noticed a minotaur
    26 | D:1      | Noticed a formicid
    26 | D:1      | Noticed a dwarf
   121 | D:1      | Reached XP level 2. HP: 26/27 MP: 1/1
   310 | D:1      | Reached skill level 3 in Axes
   456 | D:1      | Reached XP level 3. HP: 31/33 MP: 2/2
   711 | D:2      | Found a shattered altar of Ashenzari.
   714 | D:2      | Found a hazy altar of Hepliaklqana.
   717 | D:2      | Found a basalt altar of Yredelemnul.
   829 | D:2      | Reached XP level 4. HP: 40/40 MP: 3/3
  1072 | D:3      | Found a roughly hewn altar of Beogh.
  1075 | D:3      | Reached skill level 4 in Axes
  1078 | D:3      | Reached XP level 5. HP: 37/47 MP: 4/4
  1508 | D:3      | Reached skill level 5 in Axes
  1555 | D:3      | Reached XP level 6. HP: 42/55 MP: 5/5
  1557 | D:3      | Reached skill level 5 in Shields
  1583 | D:3      | Reached skill level 5 in Armour
  1937 | D:3      | Reached skill level 5 in Fighting
  2053 | D:3      | Found a radiant altar of Vehumet.
  2335 | D:4      | Found a sacrificial altar of Ru.
  2371 | D:4      | Noticed Robin
  2407 | D:4      | Killed Robin
  3003 | D:4      | Reached XP level 7. HP: 57/61 MP: 6/6
  3210 | D:4      | Found a hide-covered altar of Uskayaw.
  3364 | D:5      | Entered Level 5 of the Dungeon
  3370 | D:5      | Reached skill level 6 in Axes
  4018 | D:5      | Reached skill level 7 in Axes
  4553 | D:5      | Reached XP level 8. HP: 70/70 MP: 7/7
  4615 | D:5      | Found a glowing silver altar of Zin.
  4760 | D:6      | Killed from afar by an orc priest

Vault maps used:
D:1:      kb_arrival_jail, minivault_5, minmay_shallow_snake_nest
D:2:      grunt_temple_overflow_diamond
D:3:      lemuel_coloured_pillars_altar, kennysheep_orc_chapel
D:4:      lemuel_round_altar, first_ration, nicolae_ru_sacrificial_ziggurat,
          uniq_robin
D:5:      nicolae_overflow_crystal_walls, minmay_small_thing
D:6:      minmay_temple_entry_glass

Skill      XL: |  1  2  3  4  5  6  7 |
---------------+----------------------+-----
Axes           | 3 4 5 7 |  7.3
Armour         | 4 5 6 |  6.1
Shields        | 4 5 6 |  6.2
Fighting       | 4 5 6 |  6.1

Action                   |  1- 3 |  4- 6 |  7- 9 || total
-------------------------+-------+-------+-------++-------
Melee: War axe           |    85 |   176 |    73 ||   334
       Headbutt          |     7 |    31 |    15 ||    53
Evoke: Wand              |       |     2 |       ||     2
  Use: Potion            |       |     1 |       ||     1
  Eat: Chunk             |       |     7 |     6 ||    13
Armor: Scale mail        |    48 |    66 |    18 ||   132
       Skin              |       |    16 |       ||    16
Dodge: Dodged            |    38 |    57 |    16 ||   111
Block: Shield            |    57 |    97 |    55 ||   209

Table legend:
 A = Spawn XP
 B = Non-spawn XP
 C = Spawn XP percentage of total XP
 D = Spawn monster count
 E = Non-spawn monster count
 F = Spawn count percentage of total count
 G = Total turns spent on level
                    A         B        C        D         E        F      G
               +---------+---------+-------+---------+---------+-------+---------
         Total |       0 |    1461 |   0.0 |       0 |     128 |   0.0 |  4760
               +---------+---------+-------+---------+---------+-------+---------
           D:1 |       0 |      44 |   0.0 |       0 |      24 |   0.0 |   614
           D:2 |       0 |      70 |   0.0 |       0 |      22 |   0.0 |   426
           D:3 |       0 |     367 |   0.0 |       0 |      34 |   0.0 |  1148
           D:4 |       0 |     261 |   0.0 |       0 |      26 |   0.0 |  1176
           D:5 |       0 |     697 |   0.0 |       0 |      18 |   0.0 |  1378
           D:6 |       0 |      22 |   0.0 |       0 |       4 |   0.0 |    18
               +---------+---------+-------+---------+---------+-------+---------
